 Dungeon Sprint DCSS version 0.19-a0-593-gf2cdb02 (webtiles) character file.

8037 Groucho the Impassioned (level 11, 0/104 HPs)
             Began as a Hill Orc Fighter on June 10, 2016.
             Was an Elder of Uskayaw.
             Killed by divine providence
             ... invoked by a smoke demon
             ... summoned by an orc high priest
              (13 damage)
             ... in the Dungeon (Sprint IX: "|||||||||||||||||||||||||||||").
             The game lasted 00:07:58 (2881 turns).

Groucho the Impassioned (Hill Orc Fighter)          Turns: 2881, Time: 00:07:59

Health: 0/104      AC: 23    Str: 24    XL:     11   Next: 24%
Magic:  23/23      EV:  7    Int:  8    God:    Uskayaw [****..]
Gold:   400        SH: 14    Dex: 12    Spells: 0 memorised, 10 levels left

rFire  . . .     SeeInvis .     q - +3 war axe (freeze)
rCold  . . .     Gourm    .     a - +0 plate armour
rNeg   . . .     Faith    .     c - +0 shield
rPois  .         Spirit   .     r - +0 helmet
rElec  .         Dismiss  .     A - +0 cloak
rCorr  .         Reflect  .     B - +0 pair of gloves
SustAt .         Harm     .     (no boots)
MR     .....     NoTele   +     (no amulet)
Stlth  ..........               u - +2 ring of protection
                                t - +3 ring of strength

@: not resistant to hostile enchantments, extremely unstealthy
A: no striking features
a: Stomp, Line Pass, Renounce Religion, Convert to Beogh


You were in the Dungeon.
You worshipped Uskayaw.
Uskayaw was greatly pleased with you.
You were not hungry.

You visited 1 branch You collected 400 gold pieces.

Inventory:

Hand Weapons
 p - a +2 dire flail of protection
 q - a +3 war axe of freezing (weapon)
Armour
 a - a +0 plate armour (worn)
 c - a +0 shield (worn)
 r - a +0 helmet (worn)
 A - a +0 cloak (worn)
 B - a +0 pair of gloves (worn)
Jewellery
 t - a +3 ring of strength (left hand)
 u - a +2 ring of protection (right hand)
Wands
 o - a wand of lightning (4/15)
Scrolls
 k - 4 scrolls of blinking
 m - 4 scrolls of remove curse
 n - 3 scrolls of amnesia
 v - a scroll of identify
 w - a scroll of recharging
 x - a scroll of fog
Potions
 b - a potion of flight
 e - 5 potions of curing
 f - a potion of cure mutation
 g - 3 potions of heal wounds
 h - a potion of brilliance
 i - 4 potions of magic
 j - a potion of berserk rage
Comestibles
 d - 40 fruits
 l - 12 bread rations
 z - 12 meat rations


   Skills:
 + Level 12.0 Fighting
 + Level 12.5 Axes
 * Level 14.6 Armour
 * Level 14.7 Shields
 * Level 16.3 Invocations


You had 10 spell levels left.
You didn't know any spells.

Dungeon Overview and Level Annotations

Branches:
Dungeon (1/1)

Altars:
Cheibriados
Dithmenos
Elyvilon
Fedhas
Gozag
Hepliaklqana
Kikubaaqudgha
Makhleb
Nemelex Xobeh
Okawaru
Pakellas
Qazlal
Ru
Sif Muna
Trog
Uskayaw
Vehumet
Xom
Yredelemnul
Zin
The Shining One
Beogh
Jiyva
Lugonu


Message History

The orc high priest shouts, "Join the one true god or die!"
You block the orc knight's attack.
You hit the orc knight. You freeze the orc knight.
The orc knight is almost dead.
The orc sorcerer is no longer paralysed.
The orc high priest is no longer paralysed.
The orc high priest shouts, "Surrender to Beogh and we'll let you live!"
You closely miss the orc knight.
The orc knight is almost dead.
The orc high priest threatens, "By the altar or by the axe, you will meet Beogh!"
The orc knight roars a battlecry!
The orc knight hits you with a great mace!
* * * LOW HITPOINT WARNING * * *
An orc comes into view. It is wielding a trident.
Unknown command.
You slash the orc knight! You freeze the orc knight.
You kill the orc knight!
The smoke demon gestures at you. Beogh smites you!
You die...

▓_▓.▓÷▓.▓$▓
▓_▓.▓.▓.▓o▓
▓_▓.▓÷▓.▓3▓
▓_▓.▓.▓.▓$▓
▓_▓.▓[▓.▓o▓
▓_▓.▓.▓.▓o▓
▓_▓.▓.▓.▓o▓
▓_▓.▓.▓.▓)▓
▓_▓.▓.▓.▓@▓
▓_▓.▓.▓)▓.▓
▓_▓.▓.▓.▓.▓
▓_▓.▓.▓.▓.▓
▓_▓.▓'▓.▓.▓
▓_▓.▓.▓.▓.▓
▓_▓.▓.▓.▓.▓
▓_▓.▓.▓.▓.▓
▓_▓.▓.▓.▓)▓


You could see 2 orc high priests, a smoke demon, an orc sorcerer and an orc.

Vanquished Creatures
  Harold (D)
  A centaur warrior (D)
  2 lindwurms (D)
  2 orc knights (D)
  3 black mambas (D)
  An elephant (D)
  A spiny frog (D)
  A komodo dragon (D)
  4 giant leeches (D)
  2 yaks (D)
  A hungry ghost (D)
  A hippogriff (D)
  A water moccasin (D)
  2 porcupines (D)
  5 orc warriors (D)
  An ogre (D)
  A centaur (D)
  A wolf (D)
  3 crocodiles (D)
  A big kobold (D)
  2 giant frogs (D)
  2 orc priests (D)
  5 orc wizards (D)
  2 iguanas (D)
  A worker ant (D)
  A river rat (D)
  2 worms (D)
  An adder skeleton (D)
  3 giant geckos (D)
  4 orcs (D)
  A giant cockroach (D)
  A jackal (D)
  A kobold (D)
  2 bats (D)
  A giant newt (D)
64 creatures vanquished.

Vanquished Creatures (others)
  An orc high priest (D)
  An orc priest (D)
2 creatures vanquished.

Grand Total: 66 creatures vanquished

Notes
Turn   | Place    | Note
--------------------------------------------------------------
     0 | D        | Groucho the Hill Orc Fighter began the quest for the Orb.
     0 | D        | Reached XP level 1. HP: 19/19 MP: 1/1
    26 | D        | Reached XP level 2. HP: 19/28 MP: 2/2
   263 | D        | Found a glowing silver altar of Zin.
   263 | D        | Found a glowing golden altar of the Shining One.
   263 | D        | Found an ancient bone altar of Kikubaaqudgha.
   263 | D        | Found a basalt altar of Yredelemnul.
   263 | D        | Found a shimmering altar of Xom.
   263 | D        | Found a radiant altar of Vehumet.
   264 | D        | Found an iron altar of Okawaru.
   265 | D        | Found a burning altar of Makhleb.
   266 | D        | Found a deep blue altar of Sif Muna.
   267 | D        | Found a bloodstained altar of Trog.
   268 | D        | Found a sparkling altar of Nemelex Xobeh.
   269 | D        | Found a white marble altar of Elyvilon.
   270 | D        | Found a roughly hewn altar of Beogh.
   271 | D        | Found a viscous altar of Jiyva.
   272 | D        | Found a corrupted altar of Lugonu.
   273 | D        | Found a blossoming altar of Fedhas.
   274 | D        | Found a snail-covered altar of Cheibriados.
   275 | D        | Found a shadowy altar of Dithmenos.
   276 | D        | Found a stormy altar of Qazlal.
   277 | D        | Found an opulent altar of Gozag.
   278 | D        | Found a sacrificial altar of Ru.
   279 | D        | Found an oddly glowing altar of Pakellas.
   280 | D        | Found a hide-covered altar of Uskayaw.
   281 | D        | Found a hazy altar of Hepliaklqana.
   293 | D        | Became a worshipper of Uskayaw the Reveler
   332 | D        | Noticed an ogre
   332 | D        | Noticed a centaur
   332 | D        | Noticed a big kobold
   332 | D        | Noticed a hungry ghost
   335 | D        | Reached * piety under Uskayaw
   337 | D        | Reached skill level 5 in Fighting
   337 | D        | Reached skill level 2 in Invocations
   337 | D        | Reached XP level 3. HP: 36/36 MP: 2/4
   338 | D        | Reached ** piety under Uskayaw
   347 | D        | Reached *** piety under Uskayaw
   348 | D        | Killed a hungry ghost
   348 | D        | Reached skill level 5 in Axes
   348 | D        | Reached skill level 5 in Invocations
   348 | D        | Reached XP level 4. HP: 38/44 MP: 2/8
   348 | D        | Reached XP level 5. HP: 43/50 MP: 2/9
   351 | D        | Reached **** piety under Uskayaw
   356 | D        | Killed a big kobold
   356 | D        | Reached skill level 6 in Invocations
   360 | D        | Reached ***** piety under Uskayaw
   361 | D        | Killed a centaur
   361 | D        | Reached skill level 7 in Invocations
   361 | D        | Reached XP level 6. HP: 42/58 MP: 4/11
   368 | D        | Reached skill level 8 in Invocations
   791 | D        | Noticed a hippogriff
   791 | D        | Noticed a centaur warrior
   791 | D        | Noticed a yak
   797 | D        | Killed a yak
   797 | D        | Reached skill level 9 in Invocations
   797 | D        | Reached XP level 7. HP: 67/67 MP: 12/14
   800 | D        | Killed a hippogriff
   800 | D        | Reached skill level 10 in Invocations
   814 | D        | Killed a centaur warrior
   814 | D        | Reached skill level 10 in Armour
   814 | D        | Reached skill level 10 in Shields
   814 | D        | Reached skill level 11 in Invocations
   814 | D        | Reached XP level 8. HP: 20/78 MP: 14/16
  1195 | D        | Noticed a komodo dragon
  1201 | D        | Noticed a black mamba
  1204 | D        | Killed a komodo dragon
  1204 | D        | Reached skill level 12 in Invocations
  1204 | D        | Reached XP level 9. HP: 69/83 MP: 16/18
  1214 | D        | Killed a black mamba
  1214 | D        | Reached skill level 10 in Axes
  1214 | D        | Reached skill level 13 in Invocations
  1687 | D        | Noticed a black mamba
  1687 | D        | Noticed a spiny frog
  1690 | D        | Noticed a black mamba
  1694 | D        | Killed a spiny frog
  1694 | D        | Reached skill level 10 in Fighting
  1698 | D        | Noticed an elephant
  1703 | D        | Killed a black mamba
  1710 | D        | Killed a black mamba
  1710 | D        | Reached XP level 10. HP: 22/94 MP: 12/20
  1715 | D        | Reached skill level 14 in Invocations
  1716 | D        | Killed an elephant
  1952 | D        | Noticed a lindwurm
  1952 | D        | Noticed a lindwurm
  1972 | D        | Killed a lindwurm
  1978 | D        | Reached ****** piety under Uskayaw
  1979 | D        | Killed a lindwurm
  1979 | D        | Reached skill level 15 in Invocations
  2068 | D        | Noticed Harold
  2084 | D        | Killed Harold
  2165 | D        | Noticed an orc knight
  2170 | D        | Killed an orc knight
  2170 | D        | Reached XP level 11. HP: 47/104 MP: 22/22
  2171 | D        | Noticed an orc high priest
  2198 | D        | Killed an orc high priest
  2198 | D        | Reached skill level 16 in Invocations
  2863 | D        | Noticed an orc high priest
  2863 | D        | Noticed an orc high priest
  2863 | D        | Noticed an orc knight
  2866 | D        | Noticed an orc sorcerer
  2881 | D        | Killed an orc knight
  2881 | D        | Killed from afar by a smoke demon

Vault maps used:
D:        linesprint

Skill      XL: |  1  2  3  4  5  6  7  8  9 10 11 |
---------------+----------------------------------+-----
Axes           | 3 4 5 6 7 9 10 12 | 12.5
Fighting       | 4 5 6 7 9 10 11 12 | 12.0
Armour         | 4 6 7 9 10 11 12 14 | 14.6
Shields        | 4 6 7 9 10 11 12 14 | 14.7
Invocations    | 2 5 7 9 11 12 13 15 16 | 16.3

Action                   |  1- 3 |  4- 6 |  7- 9 | 10-12 || total
-------------------------+-------+-------+-------+-------++-------
Melee: War axe           |    69 |    21 |    56 |    85 ||   231
Invok: Line Pass         |       |       |     2 |     2 ||     4
Evoke: Wand              |       |       |       |     3 ||     3
  Use: Potion            |     2 |       |     2 |     5 ||     9
 Stab: Invisible         |     1 |     1 |       |       ||     2
       Paralysed         |     1 |     1 |     6 |     4 ||    12
       Confused          |       |       |       |     1 ||     1
  Eat: Bread ration      |       |     1 |       |       ||     1
       Chunk             |       |       |     2 |     5 ||     7
Armor: Scale mail        |    39 |     5 |    12 |    17 ||    73
       Plate armour      |       |       |       |     3 ||     3
Dodge: Dodged            |    24 |     6 |    12 |    13 ||    55
Block: Shield            |    33 |     5 |    25 |    36 ||    99
